AoeStats
← DifferentPerson

Migration

509472307Analyzed
1v1 RM · 4d ago on Sep 26, 2026· 57m 1s· 2 players
Game mode
Random Map
Map size
132×132
Population
200
Speed
Normal
Resources
Standard
Victory
Conquest
Starting age
Dark Age
Ending age
Imperial Age
RankedLock teamsTeams togetherTeam positionsShared explorationLock speedFull tech treeHidden civsTurbo modeCheats
Victory
Defeat
🇬🇧 Spanish · United Kingdom
986
+15
🇺🇸 Byzantines · United States
967
-15
Ehtya
4:06 Loom
12:58 Feudal Age
13:45 Double-Bit Axe
14:02 Fishing Lines
17:16 Forging
19:40 Castle Age
19:25 Fletching
21:08 Medium Warships
23:39 Gillnets
24:33 Wheelbarrow
28:44 Ballistics
31:26 Imperial Age
30:59 Greek Fire
32:36 Heavy Warships
35:45 Chemistry
36:25 Careening
36:28 Clinker Construction
46:09 Hand Cart
48:45 Iron Casting
50:58 Bodkin Arrow
50:29 Elite Skirmisher
56:34 Treadmill Crane
DifferentPerson
10:18 Loom
12:10 Feudal Age
13:09 Double-Bit Axe
16:29 Castle Age
18:36 Bow Saw
19:21 Medium Warships
23:14 Imperial Age
24:30 Heavy Warships
25:15 Chemistry
24:12 Gold Mining
26:15 Careening
26:18 Clinker Construction
26:36 Ballistics
26:18 Elite Cannon Galleon
29:54 Forging
33:40 Iron Casting
43:47 Dry Dock
44:50 Padded Archer Armor
45:56 Conscription
44:58 Elite Conquistador
46:29 Wheelbarrow
46:56 Leather Archer Armor
47:44 Bloodlines
47:35 Husbandry
48:40 Ring Archer Armor
Connection lost

Rejoining the realm…

Still unreachable

The connection could not be restored.

Session expired

The server has moved on; the page needs a fresh start.